 Dungeon Crawl Stone Soup version 0.28.0-53-g5a82cb258f (webtiles) character file.

Game seed: 8634343710582406775

235 Stomo the Skirmisher (level 5, -11/47 HPs)
             Began as a Draconian Monk on June 30, 2022.
             Was a Believer of Ru.
             Mangled by a kobold brigand
             ... wielding the +4 short sword of Ysumarok {distort, *Rage rElec Dex-4 SInv}
              (15 damage)
             ... on level 5 of the Dungeon.
             The game lasted 00:04:45 (3294 turns).

Stomo the Skirmisher (Draconian Monk)               Turns: 3294, Time: 00:04:45

Health: -11/47     AC:  6    Str: 16    XL:     5   Next: 76%
Magic:  5/5        EV: 13    Int: 10    God:    Ru [**....]
Gold:   131        SH:  5    Dex: 13    Spells: 4/4 levels left

rFire   . . .      SeeInvis .   c - +0 whip
rCold   . . .      Faith    .   (no shield)
rNeg    . . .      Spirit   .   (armour unavailable)
rPois   .          Reflect  +   (helmet restricted)
rElec   .          Harm     .   n - +0 cloak
rCorr   .          Rampage  .   (no gloves)
Will    .....                   (no boots)
Stlth   ++........              d - amulet of reflection
HPRegen 0.15/turn               (no ring)
MPRegen 0.09/turn               (no ring)

@: brilliant, attractive, flying
A: AC +5, unfitting armour, cold-blooded, inability to use devices
a: Renounce Religion


You were on level 5 of the Dungeon.
You worshipped Ru.
Ru was pleased with you.
You visited 1 branch of the dungeon, and saw 5 of its levels.

You collected 131 gold pieces.

Inventory:

Hand Weapons
 a - a +0 mace
 c - a +0 whip (weapon)
Armour
 j - a +1 helmet
 m - a scarf of harm
 n - a +0 cloak (worn)
Jewellery
 d - an amulet of reflection (around neck)
 e - a ring of positive energy
Scrolls
 f - a scroll of silence {unknown}
 g - 2 scrolls of vulnerability {unknown}
 h - 2 scrolls of identify {unknown}
 k - 2 scrolls of brand weapon {unknown}
 o - a scroll of holy word {unknown}
 p - a scroll of enchant armour {unknown}
Potions
 l - 4 potions of curing


   Skills:
 + Level 4.9 Fighting
 + Level 4.4 Maces & Flails
 + Level 4.0 Dodging
 - Level 1.7 Stealth


You had 4 spell levels left.
You didn't know any spells.
Your spell library contained the following spells:

 Spells                   Type           Power      Damage    Failure   Level
 Pain                     Necr           0%         1d4       36%         1
 Ensorcelled Hibernation  Hex/Ice        0%         N/A       50%         2
 Vampiric Draining        Necr           0%         2d6       75%         3
 Anguish                  Hex/Necr       0%         N/A       98%         4


Dungeon Overview and Level Annotations

Branches:
Dungeon (5/15)             Temple (0/1) D:5

Altars:
Hepliaklqana
Ru
Xom
Lugonu


Innate Abilities, Weirdness & Mutations

Your plain brown scales are hard. (AC +5)
You cannot fit into any form of body armour.
You are cold-blooded and may be slowed by cold attacks.
You cannot study or use magical devices.


Message History

There is a stone staircase leading down here.
You climb downwards.
The kobold brigand throws a poisoned dart.
You reflect the poisoned dart off an invisible shield around you!
The poisoned dart hits the kobold brigand!
The kobold brigand is poisoned.
The kobold brigand throws a poisoned dart.
You reflect the poisoned dart off an invisible shield around you!
The poisoned dart hits the kobold brigand.
The kobold brigand is poisoned.
There is a stone staircase leading up here.
The kobold brigand goes berserk!
The kobold brigand hits you with the +4 short sword of Ysumarok {distort, *Rage rElec Dex-4 SInv}!
You blink.
You can't go up here!
The kobold brigand looks more healthy.
The kobold brigand rages.
The kobold brigand is stunned by your conviction and fails to attack.
The kobold brigand looks more healthy.
The kobold brigand hits you with the +4 short sword of Ysumarok {distort, *Rage rElec Dex-4 SInv}.
Space warps around you.
It was a potion of brilliance.
You feel clever all of a sudden.
The kobold brigand hits you with the +4 short sword of Ysumarok {distort, *Rage rElec Dex-4 SInv}!
Space warps around you.
Unknown command.
It was a potion of curing.
You feel better.
The kobold brigand hits you with the +4 short sword of Ysumarok {distort, *Rage rElec Dex-4 SInv}!
The kobold brigand barely misses you.
It was a potion of attraction.
You feel attractive to monsters.
The kobold brigand hits you with the +4 short sword of Ysumarok {distort, *Rage rElec Dex-4 SInv}!
* * * LOW HITPOINT WARNING * * *
Space warps horribly around you.
* * * LOW HITPOINT WARNING * * *
It was a potion of flight.
You feel very buoyant.
You fly up into the air.
The kobold brigand hits you with the +4 short sword of Ysumarok {distort, *Rage rElec Dex-4 SInv}!
You die...

# #..# #.# ..#
##>.# #.#
...####...# #.##
#.......## #..#
###......#####..##
##.............##
#.....#........#
####K...###...K....
###.@KK...#
##..<###.
##..###....# #####
## #..## ##....# #
#..# ##..## # ##.##
#### # ##.## #
##.## #. ##.## ...
##.## .###


You could see 2 kobold brigands and a kobold.

Vanquished Creatures
  A scorpion (D:4)
  A bullfrog zombie (D:5)
  A hound (D:5)
  An orc wizard (D:4)
  A hound skeleton (D:2)
  3 adders
  An adder skeleton (D:4)
  A worm (D:3)
  A dart slug (D:4)
  An orc (D:3)
  5 endoplasms
  A giant cockroach (D:4)
  A goblin (D:1)
  7 hobgoblins
  4 kobolds
  3 quokkas
  2 ball pythons
  3 bats
  2 frilled lizards
  7 rats
47 creatures vanquished.

Notes
Turn   | Place    | Note
-------+----------+-------------------------------------------
     0 | D:1      | Stomo the Draconian Monk began the quest for the Orb.
     0 | D:1      | Reached XP level 1. HP: 19/19 MP: 1/1
   448 | D:1      | Reached XP level 2. HP: 25/26 MP: 2/2
   460 | D:1      | You fall into a shaft and drop 1 floor!
   811 | D:2      | Reached XP level 3. HP: 16/33 MP: 3/3
  1061 | D:3      | Found a faded altar of an unknown god.
  1486 | D:3      | Found a shimmering altar of Xom.
  1750 | D:4      | Noticed a scorpion
  2102 | D:4      | Found a sacrificial altar of Ru.
  2136 | D:4      | Reached XP level 4. HP: 39/40 MP: 4/4
  2151 | D:4      | Became a worshipper of Ru the Awakened
  2155 | D:4      | Gained mutation: You cannot study or use magical devices.
                  | [Ru sacrifice]
  2155 | D:4      | Reached * piety under Ru
  2155 | D:4      | Reached ** piety under Ru
  2273 | D:4      | Found a hazy altar of Hepliaklqana.
  2526 | D:4      | Killed a scorpion
  2527 | D:4      | Reached XP level 5. HP: 38/47 MP: 5/5
  2810 | D:5      | Entered Level 5 of the Dungeon
  2816 | D:5      | Got Vaogga's Disquisition on Captivating Black Magic
  2821 | D:5      | Found a staircase to the Ecumenical Temple.
  2993 | D:5      | Found a large runed translucent door.
  2994 | D:5      | Found a large runed translucent door.
  2995 | D:5      | Found a corrupted altar of Lugonu.
  2999 | D:5      | Identified the +4 short sword of Ysumarok {distort, *Rage
                  | rElec Dex-4 SInv}
  3294 | D:5      | Mangled by a kobold brigand

Illustrated notes

Levels and vault maps discovered:
D:1:      amcnicky_arrival_gap_in_the_tavern_cellar, layout_rooms
D:2:      layout_basic
D:3:      layout_loops_ring, mainiacjoe_overflow_brackets,
          basic_ecumenical_altar
D:4:      layout_gridville, nicolae_ru_great_annihilating_truth,
          nzn_hepliaklqana_mist_gate
D:5:      due_chaos_kobolds, layout_layer_cave, lemuel_tele_altar,
          minmay_temple_entry_wispy

Skill      XL: |  1  2  3  4  5 |
---------------+----------------+-----
Dodging        | 3 4 |  4.0
Fighting       | 4 |  4.9
Maces & Flails | 4 |  4.4
Stealth        | |  1.7

Action                   |  1- 3 |  4- 6 || total
-------------------------+-------+-------++-------
Melee: Whip              |   146 |    95 ||   241
       Tailslap          |    17 |    15 ||    32
       Punch             |     1 |     1 ||     2
Invok: Sacrifice Artific |       |     1 ||     1
  Use: Potion            |       |     4 ||     4
 Stab: Distracted        |     1 |     1 ||     2
       Sleeping          |     2 |     1 ||     3
       Invisible         |       |     2 ||     2
Armor: Skin              |    24 |    14 ||    38
Dodge: Dodged            |    68 |    41 ||   109
Block: Other             |    28 |    16 ||    44
       Reflection        |       |     2 ||     2
